[Event "Team 45 45 League T40"]
[Site "Internet Chess Club"]
[Date "2009.02.23"]
[Round "4"]
[White "AlterEgo"]
[Black "slipkid"]
[Result "1-0"]
[WhiteElo "1511"]
[BlackElo "1508"]
[Opening "English: four knights, kingside fianchetto"]
[ECO "A29"]
[Time "13:59:31"]
[TimeControl "2700+45"]

1. c4 e5 2. Nc3 Nf6 3. Nf3 Nc6 4. g3 Bc5 5. Bg2 O-O 6. O-O a6 7. a3 Ba7 8. b4
Re8 9. Bb2 d6 10. Ng5 h6 11. Nge4 Nxe4 12. Nxe4 f5 13. Nc3 Ne7 14. Kh1 Rb8 15.
Qc2 Be6 16. d3 Qd7 17. f4 Ng6 18. Nd1 exf4 19. gxf4 Nh4 20. Bd5 Bxd5+ 21. cxd5
Qe7 22. e3 Bxe3 23. Re1 Qf7 24. Nxe3 Re7 25. Re2 Rbe8 26. Bd4 Nf3 27. Qc3 Nh4
28. Rf1 Qh5 29. Qc2 Nf3 30. Bxg7 Kxg7 31. Rg2+ Kf8 32. Qc3 Nh4 33. Qh8+ Kf7 34.
Qg7# {Black checkmated} 1-0

[Event "Team 45 45 League T40"]
[Site "Internet Chess Club"]
[Date "2009.02.20"]
[Round "4"]
[White "Fogbound"]
[Black "medsurg"]
[Result "1-0"]
[WhiteElo "1220"]
[BlackElo "1424"]
[Opening "Queen's bishop game"]
[ECO "A45"]
[Time "15:00:14"]
[TimeControl "2700+45"]

1. d4 Nf6 2. Bf4 d5 3. Nf3 e6 4. e3 Nbd7 5. Bd3 Bd6 6. Ne5 Nxe5 7. dxe5 Bc5 8.
exf6 Qxf6 9. c3 e5 10. Bg3 O-O 11. O-O c6 12. Be2 Be6 13. Nd2 Rad8 14. Nf3 Bd6
15. Bh4 {Black resigns} 1-0

[Event "Team 45 45 League T40"]
[Site "Internet Chess Club"]
[Date "2009.02.20"]
[Round "4"]
[White "cobbler"]
[Black "malihini"]
[Result "1/2-1/2"]
[WhiteElo "1103"]
[BlackElo "1248"]
[Opening "Queen's pawn game"]
[ECO "D00"]
[Time "14:00:37"]
[TimeControl "2700+45"]

1. d4 d5 2. e3 Bf5 3. c4 c6 4. cxd5 cxd5 5. Qb3 b6 6. Nc3 Nf6 7. Nf3 Nc6 8. Bb5
Rc8 9. Ne5 Bd7 10. Nxd7 Qxd7 11. Qa4 a5 12. a3 Qb7 13. O-O e6 14. Re1 Be7 15. e4
O-O 16. Bg5 h6 17. e5 Nh7 18. Bxe7 Nxe7 19. Bd3 f5 20. Nb5 Rc6 21. Nd6 Qc7 22.
Bb5 Rc2 23. Bd3 Rc6 24. h3 Nc8 25. Bb5 Rc2 26. Bd3 Rc6 27. Qd1 Nxd6 28. exd6
Qxd6 29. Re2 Rfc8 30. Rc2 e5 31. Bxf5 Rxc2 32. Bxc2 e4 33. Rc1 Qf4 34. g3 Qc7
35. Qg4 Ng5 36. h4 Nf3+ 37. Kg2 Nxd4 38. Qd1 Qc5 39. Bb3 Qxc1 40. Bxd5+ Kf8 41.
Qxd4 Qe1 42. Be6 Re8 43. Qd6+ Re7 44. Qd8+ Re8 45. Qd6+ Re7 46. Qd8+ Re8 {Game
drawn by mutual agreement} 1/2-1/2

[Event "Team 45 45 League T40"]
[Site "Internet Chess Club"]
[Date "2009.02.22"]
[Round "4"]
[White "NewfieKnight"]
[Black "jjaillet2007"]
[Result "0-1"]
[WhiteElo "1117"]
[BlackElo "1210"]
[Opening "French defense"]
[ECO "C00"]
[Time "16:00:13"]
[TimeControl "2700+45"]

1. e4 e6 2. Nf3 d5 3. Bd3 c5 4. exd5 exd5 5. O-O Nf6 6. Bb5+ Bd7 7. c4 a6 8.
Re1+ Be7 9. Bxd7+ Nbxd7 10. d4 O-O 11. Nc3 cxd4 12. Nxd5 Nxd5 13. cxd5 Bc5 14.
Qc2 Rc8 15. Bd2 Bd6 16. Qd3 Re8 17. Qxd4 Bc5 18. Rxe8+ Qxe8 19. Qd3 Ne5 20. Nxe5
Qxe5 21. Re1 Qf6 22. Be3 Bxe3 23. Qxe3 Kf8 24. Rc1 Qd8 25. Rd1 Qe7 26. Qxe7+
Kxe7 27. d6+ Kd7 28. b4 b5 29. g4 Rc6 30. Kg2 Rxd6 31. Ra1 Rd4 32. g5 Rg4+ 33.
Kf3 Rxg5 34. a4 Kc6 35. Kf4 Rg2 36. axb5+ Kxb5 37. Ra5+ Kxb4 38. Rxa6 Rxf2+ 39.
Kg3 Rf6 40. Ra1 Rg6+ 41. Kf4 h5 42. h4 Rg4+ 43. Kf5 g6+ 44. Kf6 Rxh4 45. Kxf7
Rg4 46. Rb1+ Kc3 47. Kf6 h4 48. Re1 Kd3 49. Re5 h3 50. Rd5+ Rd4 51. Rg5 Rf4+ 52.
Ke5 Rf5+ {White resigns} 0-1

[Event "Team 45 45 League T40"]
[Site "Internet Chess Club"]
[Date "2009.02.21"]
[Round "4"]
[White "Zohan"]
[Black "Rhayder"]
[Result "1-0"]
[WhiteElo "1232"]
[BlackElo "1230"]
[Opening "Scotch gambit"]
[ECO "C44"]
[Time "08:07:52"]
[TimeControl "2700+45"]

1. e4 e5 2. Nf3 Nc6 3. d4 exd4 4. Bc4 Bc5 5. c3 dxc3 6. Nxc3 h6 7. Qb3 Qe7 8.
O-O d6 9. Nd5 Qd7 10. Re1 Na5 11. Qc2 Nxc4 12. Qxc4 Qc6 13. Nd4 Bxd4 14. Qxd4
Be6 15. Qxg7 Rc8 16. Qxh8 Kd7 17. Qd4 Ne7 18. Nxe7 Kxe7 19. Bxh6 Rg8 20. Rac1
Bh3 21. Rxc6 Rxg2+ 22. Kh1 Rg4 23. Rxc7+ Ke6 24. Qd5+ Kf6 25. Qxf7+ Ke5 26. Bg7+
Rxg7 27. Qxg7+ Kf4 28. Rf7+ Bf5 {Black resigns} 1-0

[Event "Team 45 45 League T40"]
[Site "Internet Chess Club"]
[Date "2009.02.20"]
[Round "4"]
[White "Mclintock45"]
[Black "Daidalos"]
[Result "1/2-1/2"]
[WhiteElo "880"]
[BlackElo "1130"]
[Opening "KP: Nimzovich defense"]
[ECO "B00"]
[Time "09:00:12"]
[TimeControl "2700+45"]

1. e4 Nc6 2. Nf3 d6 3. d4 e6 4. Nc3 Nf6 5. Bd3 e5 6. dxe5 dxe5 7. Be3 Bb4 8. a3
Bxc3+ 9. bxc3 Bd7 10. O-O Ng4 11. Bg5 f6 12. Bd2 g5 13. Re1 Qe7 14. Qb1 b6 15.
h3 Nh6 16. c4 O-O-O 17. Qb3 Be6 18. a4 Na5 19. Bxa5 bxa5 20. Rab1 Qb4 21. Qxb4
axb4 22. Rxb4 Kd7 23. c5 Rb8 24. c6+ Kxc6 25. Bb5+ Kc5 26. c3 a5 27. Rb3 Bxb3
28. Be2 Bxa4 29. Ra1 c6 30. Rxa4 Ra8 31. Rc4+ Kb6 32. Nd2 Rhd8 33. Nb3 a4 34.
Rb4+ Kc7 35. Nc5 Rd2 36. Rb7+ Kc8 37. Bh5 Ra5 38. Rxh7 Rxc5 39. Rxh6 Rd1+ 40.
Bxd1 Kc7 41. Rh7+ Kd6 42. Bxa4 Rxc3 43. Rh6 Ke6 44. h4 gxh4 45. Rxh4 Kd6 46. Rh6
Ke7 47. Kf1 Kf7 48. f3 Kg7 49. Rh3 c5 50. Ke1 Ra3 51. Be8 Ra1+ 52. Kd2 Ra2+ 53.
Kc1 Rxg2 54. Rh1 Rg3 55. Rf1 Kh6 56. Bc6 Kg5 57. Kd1 Kf4 58. Ke2 Rg2+ 59. Rf2
Rg3 60. Bb5 f5 61. Bd7 fxe4 62. fxe4+ Kxe4 63. Bc6+ Kd4 64. Bb5 e4 65. Rf4 Re3+
66. Kd2 Rb3 67. Bc6 Re3 68. Kc2 c4 69. Rxe4+ Rxe4 70. Bxe4 Kxe4 71. Kc3 Kd5 72.
Kc2 Kd4 73. Kd2 c3+ 74. Kc2 Kc4 75. Kc1 Kb3 76. Kb1 c2+ 77. Kc1 Kc3 {White
stalemated} 1/2-1/2

[Event "Team 45 45 League T40"]
[Site "Internet Chess Club"]
[Date "2009.02.22"]
[Round "4"]
[White "Conjurer"]
[Black "guyd52"]
[Result "0-1"]
[WhiteElo "1279"]
[BlackElo "1343"]
[Opening "King's Indian: fianchetto, classical variation"]
[ECO "E67"]
[Time "18:01:59"]
[TimeControl "2700+45"]

1. c4 Nf6 2. Nc3 g6 3. Nf3 d6 4. g3 Bg7 5. Bg2 O-O 6. O-O e5 7. d4 Nbd7 8. Bg5
c6 9. d5 Qb6 10. b3 Nc5 11. Qd2 Nce4 12. Nxe4 Nxe4 13. Qd3 Nxf2 14. Rxf2 e4 15.
Qxe4 Bxa1 16. Bh6 Bf5 17. Qf4 Rfe8 18. Kf1 Be5 19. Nxe5 Rxe5 20. Qg5 Qd8 21. Qf4
Qe7 22. Bg5 f6 23. Bh6 c5 24. g4 Bb1 25. h4 Re8 26. Bf3 Bxa2 27. g5 f5 28. h5
Bxb3 29. hxg6 hxg6 30. e4 Bxc4+ 31. Kg2 Bd3 32. exf5 Bxf5 33. Bd1 Be4+ 34. Bf3
Bxf3+ 35. Qxf3 Rf5 36. Qd3 Rxf2+ 37. Kxf2 Qf7+ 38. Kg2 Re5 {White resigns} 0-1

[Event "Team 45 45 League T40"]
[Site "Internet Chess Club"]
[Date "2009.02.21"]
[Round "4"]
[White "CoasterBrake"]
[Black "blkmagic"]
[Result "1-0"]
[WhiteElo "1260"]
[BlackElo "1200"]
[Opening "English: Bremen, reverse dragon"]
[ECO "A22"]
[Time "11:00:18"]
[TimeControl "2700+45"]

1. c4 e5 2. Nc3 Nf6 3. g3 d5 4. Bg2 c6 5. d3 Bb4 6. Bd2 O-O 7. Nf3 e4 8. dxe4
dxe4 9. Ng5 Re8 10. Ngxe4 Nxe4 11. Nxe4 Bxd2+ 12. Qxd2 Qxd2+ 13. Nxd2 Nd7 14.
O-O Rxe2 15. Rad1 Nf6 16. Rfe1 Rxe1+ 17. Rxe1 Be6 18. b3 Rd8 19. Re2 Rd3 20. Ne4
Rd1+ 21. Bf1 Bh3 22. Nd2 h6 23. f3 Bf5 24. Ne4 Nxe4 25. fxe4 Bh3 26. Rf2 f6 27.
Rf3 Bg4 28. Rd3 Re1 29. Kg2 Rxe4 30. Rd8+ Kh7 31. Bd3 f5 32. Bxe4 fxe4 33. Re8
Bf3+ 34. Kf2 Kg6 35. Re7 b5 36. cxb5 cxb5 37. Rxa7 Kf6 38. Ke3 Bg2 39. Rb7 Bf1
40. Rb6+ Kf5 41. Rb7 Kg6 42. a4 bxa4 43. bxa4 h5 44. a5 Bd3 45. Re7 Kf6 46. Rxe4
{Black resigns} 1-0

[Event "Team 45 45 League T40"]
[Site "Internet Chess Club"]
[Date "2009.02.21"]
[Round "4"]
[White "dscvdchk"]
[Black "sean98"]
[Result "1-0"]
[WhiteElo "1577"]
[BlackElo "1704"]
[Opening "Grünfeld with e3 & Bd3"]
[ECO "D94"]
[Time "16:30:22"]
[TimeControl "2700+45"]

1. d4 Nf6 2. c4 g6 3. Nc3 d5 4. e3 Bg7 5. Nf3 O-O 6. Bd3 Bg4 7. h3 Bc8 8. O-O
Nc6 9. a3 Re8 10. cxd5 Nxd5 11. e4 Nxc3 12. bxc3 e6 13. e5 Ne7 14. Qc2 c5 15.
Re1 Qa5 16. Bd2 Qc7 17. Bb5 Bd7 18. Bf1 cxd4 19. Nxd4 Bxe5 20. Nf3 Bg7 21. Rac1
Rac8 22. Qb3 Nc6 23. c4 Nd4 24. Nxd4 Bxd4 25. Be3 Bxe3 26. Qxe3 Qc5 27. Qc3 Bc6
28. Re5 Qe7 29. Qg3 Qf6 30. Rce1 Rcd8 31. h4 Rd4 32. h5 Qh4 33. hxg6 Qxg3 34.
gxh7+ Kxh7 35. fxg3 Rg8 36. Kf2 Rd2+ 37. R5e2 Rxe2+ 38. Bxe2 Rg5 39. Rc1 Kg7 40.
Rc3 Rc5 41. Bf3 Kf6 42. Be2 Ke7 43. Bf3 a6 44. Bxc6 Rxc6 45. Ke3 Rc5 46. Kd4 Kd6
47. Rb3 Rc7 48. Rb6+ Kd7 49. c5 Kc8 50. Rd6 Rd7 51. Ke5 Kc7 52. Rxd7+ Kxd7 53.
Kf6 Kc6 54. g4 Kxc5 55. g5 b5 56. Kxf7 e5 57. g6 Kd4 58. g7 e4 59. g8=Q Kd3 60.
Qg6 Ke3 61. Qe6 Kd3 62. Qxa6 e3 63. Qxb5+ Kd2 {Black resigns} 1-0

[Event "Team 45 45 League T40"]
[Site "Internet Chess Club"]
[Date "2009.02.23"]
[Round "4"]
[White "kingphisch"]
[Black "shakespearebro"]
[Result "1-0"]
[WhiteElo "1587"]
[BlackElo "1480"]
[Opening "Scotch gambit"]
[ECO "C44"]
[Time "12:01:54"]
[TimeControl "2700+45"]

1. e4 e5 2. Nf3 Nc6 3. d4 exd4 4. Bc4 Bb4+ 5. c3 dxc3 6. bxc3 Ba5 7. Qb3 Qe7 8.
O-O Nf6 9. Ba3 d6 10. Re1 O-O 11. e5 Ng4 12. exd6 Qd7 13. dxc7 Bxc7 14. Bc5 Re8
15. Nbd2 Nce5 16. Bb5 Nc6 17. Bc4 Nce5 18. Bb5 Nc6 19. h3 Nf6 20. Rad1 a6 21.
Ne4 Qxd1 22. Nxf6+ gxf6 23. Qxd1 Rxe1+ 24. Qxe1 axb5 25. Qe8+ Kg7 26. Qf8+ Kg6
27. Qg8+ Kf5 28. Qg4# {Black checkmated} 1-0

[Event "Team 45 45 League T40"]
[Site "Internet Chess Club"]
[Date "2009.02.21"]
[Round "4"]
[White "hogwash"]
[Black "twintower"]
[Result "0-1"]
[WhiteElo "1411"]
[BlackElo "1416"]
[Opening "English: symmetrical variation"]
[ECO "A30"]
[Time "19:00:12"]
[TimeControl "2700+45"]

1. c4 c5 2. Nf3 g6 3. d3 Bg7 4. Qb3 Nc6 5. Bg5 Qb6 6. Qxb6 axb6 7. Nc3 Nb4 8.
O-O-O Nxa2+ 9. Nxa2 Rxa2 10. d4 Ra1+ 11. Kc2 Rxd1 12. Kxd1 cxd4 13. e3 dxe3 14.
Bxe3 Bxb2 15. Bxb6 d6 16. c5 Ba3 17. cxd6 Bxd6 18. Bd4 f6 19. Ng5 Nh6 20. Ne4
Be5 21. Bxe5 fxe5 22. Bc4 Rf8 23. f3 Bf5 24. Re1 Nf7 25. Kd2 Nd6 26. Bd3 Nxe4+
27. fxe4 Bg4 28. h3 Rf2+ 29. Be2 Rxe2+ 30. Rxe2 Bxe2 31. Kxe2 Kd7 32. Kd3 Kc6
33. Kc4 b5+ 34. Kb4 e6 35. g3 h6 36. h4 g5 37. hxg5 hxg5 38. g4 Kb6 39. Kb3 Kc5
40. Kc3 b4+ 41. Kb3 Kd4 42. Kxb4 Kxe4 43. Kc5 Kf4 44. Kc6 e4 45. Kd7 e3 46. Kxe6
Kxg4 47. Kf6 e2 48. Kg6 e1=Q 49. Kg7 Qe6 50. Kh7 Kh5 51. Kg7 Qe7+ 52. Kg8 Kg6
53. Kh8 Qg7# {White checkmated} 0-1

[Event "Team 45 45 League T40"]
[Site "Internet Chess Club"]
[Date "2009.02.22"]
[Round "4"]
[White "fishhead"]
[Black "Archdruid"]
[Result "0-1"]
[WhiteElo "1703"]
[BlackElo "1704"]
[Opening "Sicilian: accelerated fianchetto, exchange variation"]
[ECO "B34"]
[Time "21:00:13"]
[TimeControl "2700+45"]

1. e4 c5 2. Nf3 Nc6 3. d4 cxd4 4. Nxd4 g6 5. Nxc6 bxc6 6. Bc4 Bg7 7. Bb3 d6 8.
f3 Ba6 9. Nc3 Nf6 10. Bg5 O-O 11. Qd2 Re8 12. h4 h5 13. Bh6 Qb6 14. Qg5 e6 15.
O-O-O d5 16. e5 Nd7 17. Bxg7 Kxg7 18. g4 Rh8 19. Rd2 Qd8 20. Qxd8 Raxd8 21. f4
hxg4 22. Rg2 f5 23. exf6+ Nxf6 24. Na4 Rh5 25. Nc5 Bc8 26. Ba4 d4 27. b4 Rd6 28.
Kd2 Nd5 29. Ne4 Rd8 30. a3 Ne3 31. Rg3 Rdh8 32. Bxc6 Rxh4 33. Rxh4 Rxh4 34. Kd3
Ba6+ 35. b5 Bc8 36. Nd6 Rh8 37. c4 Nf5 38. Nxf5+ gxf5 39. Kxd4 Rd8+ 40. Ke5 Rd2
41. c5 Kf7 42. a4 Ke7 43. Rb3 Bd7 44. Bxd7 Rd5# {White checkmated} 0-1

[Event "Team 45 45 League T40"]
[Site "Internet Chess Club"]
[Date "2009.02.21"]
[Round "4"]
[White "Elita499"]
[Black "barraq"]
[Result "0-1"]
[WhiteElo "1663"]
[BlackElo "1557"]
[Opening "Owen defense"]
[ECO "B00"]
[Time "19:30:19"]
[TimeControl "2700+45"]

1. e4 b6 2. d4 Bb7 3. Nc3 e6 4. Bd3 d5 5. e5 Nd7 6. f4 c5 7. Be3 c4 8. Be2 Nh6
9. Nf3 Nf5 10. Bf2 Be7 11. O-O O-O 12. Qd2 f6 13. Rae1 fxe5 14. Nxe5 Nxe5 15.
fxe5 Bg5 16. Qd1 Bc6 17. Bg4 b5 18. a3 a5 19. Bxf5 exf5 20. e6 Be7 21. Qf3 b4
22. axb4 axb4 23. Ne2 Ra2 24. Rb1 Qd6 25. Bg3 Qxe6 26. Be5 Qh6 27. Qh5 Qxh5
{White forfeits on time} 0-1

[Event "Team 45 45 League T40"]
[Site "Internet Chess Club"]
[Date "2009.02.21"]
[Round "4"]
[White "Notscorwood"]
[Black "OOB1"]
[Result "1-0"]
[WhiteElo "1482"]
[BlackElo "1456"]
[Opening "Sicilian defense"]
[ECO "B32"]
[Time "13:14:43"]
[TimeControl "2700+45"]

1. e4 c5 2. Nf3 Nc6 3. d4 cxd4 4. Nxd4 a6 5. Nxc6 bxc6 6. Nc3 e6 7. Be3 Nf6 8.
f3 Be7 9. Qd2 Bb4 10. O-O-O O-O 11. Bg5 h6 12. Be3 d5 13. a3 a5 14. axb4 axb4
15. Nb1 dxe4 16. Qxd8 {Black resigns} 1-0

[Event "Team 45 45 League T40"]
[Site "Internet Chess Club"]
[Date "2009.02.22"]
[Round "4"]
[White "Fidelian"]
[Black "arconia"]
[Result "0-1"]
[WhiteElo "1262"]
[BlackElo "1364"]
[Opening "Sicilian: closed, 2...Nc6"]
[ECO "B23"]
[Time "20:00:31"]
[TimeControl "2700+45"]

1. e4 c5 2. Nc3 Nc6 3. Bb5 e6 4. Bxc6 bxc6 5. Nf3 Ba6 6. d3 Be7 7. Be3 d6 8. Qd2
Nf6 9. h3 O-O 10. g4 Nd7 11. h4 d5 12. Bg5 d4 13. Na4 f6 14. Bf4 e5 15. Bg3 c4
16. dxc4 Bxc4 17. a3 Rb8 18. b3 Be6 19. Nh2 c5 20. Nb2 c4 21. Nxc4 Nc5 22. O-O
Nxe4 23. Qe2 Nc5 24. Qd3 {White resigns} 0-1

[Event "Team 45 45 League T40"]
[Site "Internet Chess Club"]
[Date "2009.02.21"]
[Round "4"]
[White "GadsHill"]
[Black "yemisco1"]
[Result "0-1"]
[WhiteElo "1536"]
[BlackElo "1519"]
[Opening "QGD: semi-Slav"]
[ECO "D31"]
[Time "15:00:18"]
[TimeControl "2700+45"]

1. d4 d5 2. c4 e6 3. Nc3 c6 4. cxd5 cxd5 5. Nf3 Nc6 6. e3 Bb4 7. a3 Bxc3+ 8.
bxc3 a6 9. c4 Nge7 10. Bb2 Qa5+ 11. Qd2 Qxd2+ 12. Nxd2 O-O 13. Rc1 Rd8 14. Nf3
h6 15. Be2 Bd7 16. O-O Na5 17. cxd5 Nxd5 18. Ne5 Bb5 19. Bxb5 axb5 20. Nd3 Rac8
21. e4 Nf6 22. f3 Rxc1 23. Rxc1 Nc4 24. Rc2 Nxb2 25. Rxb2 Rxd4 26. Ne5 Nd7 27.
Nxd7 Rxd7 28. Rxb5 Kf8 29. Rb2 Ke7 30. e5 Kd8 31. Kf2 Kc7 32. Ke3 b6 33. a4 Rd5
34. Rb5 Kc6 35. Rxd5 Kxd5 36. Kd3 Kxe5 37. Kc4 Kd6 38. Kb5 Kc7 39. g3 e5 40. h3
g5 41. Ka6 Kc6 42. Ka7 f5 {White resigns} 0-1

[Event "Team 45 45 League T40"]
[Site "Internet Chess Club"]
[Date "2009.02.22"]
[Round "4"]
[White "Aquaman"]
[Black "katabatico"]
[Result "0-1"]
[WhiteElo "1385"]
[BlackElo "1373"]
[Opening "French: Winawer, fingerslip variation"]
[ECO "C15"]
[Time "14:10:20"]
[TimeControl "2700+45"]

1. d4 d5 2. e4 e6 3. Nc3 Bb4 4. Bd2 c5 5. Nf3 cxd4 6. Nxd4 Bxc3 7. Bxc3 dxe4 8.
Qg4 Nf6 9. Qh4 O-O 10. Ne2 Nbd7 11. O-O-O Qb6 12. Bd4 Qa5 13. Nc3 e5 14. Be3 a6
15. Kb1 b5 16. Nxe4 Nxe4 17. Qxe4 Rb8 18. f3 b4 19. Bc4 Re8 20. Bb3 Nf6 21. Qh4
Be6 22. Bg5 Bxb3 23. cxb3 Nd5 24. Qe4 Rb5 25. Rd3 Qb6 26. Rxd5 Rxd5 27. Qxd5
Qg6+ 28. Kc1 Qxg5+ 29. Kb1 Qxg2 30. Rc1 Qg6+ 31. Ka1 Qg5 32. Kb1 h5 33. Qb5 Qf5+
34. Ka1 Rd8 35. Qxb4 Qxf3 36. Qc4 Rd1 37. Qc8+ Kh7 38. Qc2+ Rd3 39. a4 e4 40.
Ka2 f5 41. b4 Rd4 42. Qc5 Rd2 43. b5 axb5 44. axb5 Rd8 45. Qa7 e3 46. Rc7 Kh8
47. Rxg7 Ra8 48. Qxa8+ Qxa8+ {White resigns} 0-1

[Event "Team 45 45 League T40"]
[Site "Internet Chess Club"]
[Date "2009.02.24"]
[Round "4"]
[White "bjc"]
[Black "nozmov"]
[Result "0-1"]
[WhiteElo "1300"]
[BlackElo "1424"]
[Opening "French: advance variation"]
[ECO "C02"]
[Time "13:03:08"]
[TimeControl "2700+45"]

1. e4 e6 2. d4 d5 3. e5 c5 4. c3 Nc6 5. Bb5 Bd7 6. Nf3 cxd4 7. cxd4 Qa5+ 8. Nc3
Bb4 9. Bxc6 Bxc3+ 10. bxc3 Qxc3+ 11. Bd2 Qxc6 12. O-O Qa4 13. Qxa4 Bxa4 14. Ne1
Bb5 15. Nd3 Bxd3 16. Rfc1 Bc4 17. Rc3 Ne7 18. a3 O-O 19. Rg3 Nf5 20. Rh3 Nxd4
21. a4 Nb3 22. Rb1 Nxd2 23. Re1 b5 24. axb5 Bxb5 25. Ree3 Rfc8 26. g3 a5 27. Rh4
Rc1+ {White resigns} 0-1

[Event "Team 45 45 League T40"]
[Site "Internet Chess Club"]
[Date "2009.02.20"]
[Round "4"]
[White "reverendjim"]
[Black "carolinaknight"]
[Result "1-0"]
[WhiteElo "1302"]
[BlackElo "1291"]
[Opening "French: Winawer, Petrosian variation"]
[ECO "C16"]
[Time "22:02:32"]
[TimeControl "2700+45"]

1. e4 e6 2. d4 d5 3. Nc3 Bb4 4. e5 Qd7 5. a3 Bxc3+ 6. bxc3 b6 7. Nf3 Ba6 8. Bxa6
Nxa6 9. a4 Ne7 10. Qe2 Nb8 11. O-O O-O 12. Nh4 h6 13. Qg4 c5 14. Bxh6 Ng6 15.
Nxg6 fxg6 16. Qxg6 cxd4 17. cxd4 Nc6 18. c3 Ne7 19. Qxg7# {Black checkmated} 1-0

[Event "Team 45 45 League T40"]
[Site "Internet Chess Club"]
[Date "2009.02.22"]
[Round "4"]
[White "Zyme"]
[Black "Kravier"]
[Result "1-0"]
[WhiteElo "1440"]
[BlackElo "1574"]
[Opening "Queen's gambit accepted"]
[ECO "D20"]
[Time "18:00:09"]
[TimeControl "2700+45"]

1. d4 d5 2. c4 dxc4 3. e3 b5 4. a4 c6 5. axb5 cxb5 6. Qf3 Nc6 7. Qxc6+ Bd7 8.
Qb7 a5 9. Nf3 Rb8 10. Qe4 Nf6 11. Qc2 e6 12. Be2 Bd6 13. Bd2 a4 14. O-O O-O 15.
Nc3 Qc7 16. h3 Bc6 17. Rfc1 Ra8 18. e4 b4 19. Nd1 Bxe4 20. Qxc4 Qb7 21. Qb5 Qxb5
22. Bxb5 Bxf3 23. gxf3 a3 24. bxa3 Rxa3 25. Rxa3 bxa3 26. Rc6 Be7 27. Ra6 Rc8
28. Ne3 h5 29. Nc4 Rd8 30. Be3 Nd5 31. Nxa3 Rb8 32. Bc6 Nxe3 33. fxe3 Rb3 34.
Nc4 Rc3 35. Ra4 Bh4 36. Be4 Rc1+ 37. Kg2 f5 38. Bd3 Rd1 39. Bc2 Re1 40. Bb3 Re2+
41. Kf1 Rf2+ 42. Ke1 Rb2+ 43. Kd1 Rxb3 44. Kc2 Rb8 45. Ra6 Kf7 46. Ne5+ Kg8 47.
Rxe6 Bf2 48. Nd3 Rc8+ 49. Kd2 Bh4 50. e4 fxe4 51. fxe4 Bg5+ 52. Ke2 Rc2+ 53. Kf1
Rd2 54. Ne5 Be3 55. d5 Rf2+ 56. Ke1 Rf6 57. Rxf6 gxf6 58. Nd7 Kf7 59. Ke2 Ba7
60. Kd3 Ke7 61. e5 Kxd7 62. e6+ Kd6 63. Ke4 Bf2 64. Kf5 Bd4 65. Kg6 h4 66. Kf7
f5 67. e7 Kxd5 68. e8=Q f4 69. Qa8+ Ke5 70. Qf3 Kf5 71. Qg4+ Ke4 72. Qxh4 Ke3
73. Qe1+ Kf3 74. Qf1+ Bf2 75. Kf6 Ke3 76. Kf5 f3 77. Kg4 Bg1 78. Qxf3+ {Black
resigns} 1-0

[Event "Team 45 45 League T40"]
[Site "Internet Chess Club"]
[Date "2009.02.21"]
[Round "4"]
[White "kublai"]
[Black "AlPearson"]
[Result "0-1"]
[WhiteElo "1482"]
[BlackElo "1423"]
[Opening "King's Indian: 6.Be2"]
[ECO "E91"]
[Time "17:01:22"]
[TimeControl "2700+45"]

1. d4 Nf6 2. c4 g6 3. Nc3 Bg7 4. e4 d6 5. Nf3 O-O 6. Be2 c5 7. O-O cxd4 8. Nxd4
Nc6 9. Be3 a6 10. Qd2 Bd7 11. f3 Qc7 12. b3 Rad8 13. Rad1 e6 14. Bh6 Nxd4 15.
Bxg7 Nxe2+ 16. Qxe2 Kxg7 17. Rd2 Qc5+ 18. Kh1 Bc6 19. Rfd1 Rd7 20. e5 Qxe5 21.
Rxd6 Qxe2 22. Nxe2 Rfd8 23. Rxd7 Rxd7 24. Rxd7 Nxd7 25. Nd4 Kf6 26. Nxc6 bxc6
27. Kg1 Ke5 28. Kf2 Kd4 29. Ke2 Ne5 30. Kd2 Nd3 {White resigns} 0-1

[Event "Team 45 45 League T40"]
[Site "Internet Chess Club"]
[Date "2009.02.21"]
[Round "4"]
[White "AtomicDog"]
[Black "SigmaSquared"]
[Result "1-0"]
[WhiteElo "1433"]
[BlackElo "1380"]
[Opening "Ruy Lopez: open, 9...Be7, 10.Re1"]
[ECO "C83"]
[Time "14:00:38"]
[TimeControl "2700+45"]

1. e4 e5 2. Nf3 Nc6 3. Bb5 a6 4. Ba4 Nf6 5. O-O Nxe4 6. d4 b5 7. Bb3 d5 8. dxe5
Be6 9. c3 Be7 10. Re1 O-O 11. Nbd2 Nc5 12. Bc2 Bg4 13. h3 Be6 14. Nf1 a5 15. Nd4
Nxd4 16. cxd4 Na6 17. Qd3 g6 18. Qe2 Nb4 19. Bh6 Re8 20. Ng3 Bg5 21. Bxg5 Qxg5
22. a3 Nxc2 23. Qxc2 Rec8 24. Qc6 Rab8 25. b4 a4 26. Re3 Rb6 27. Qc1 h5 28. Qf1
c6 29. f4 Qe7 30. f5 Bd7 31. e6 fxe6 32. fxg6 Rf8 33. Qe2 Qf6 34. Qxh5 Qg7 35.
Qg5 Rf6 36. Rf1 Rxf1+ 37. Kxf1 Rb8 38. Nh5 Qxd4 39. Nf6+ Kg7 40. Nxd7 Qd1+ 41.
Kf2 Qd2+ 42. Kg3 d4 43. Qf6+ Kh6 44. g7+ Kh7 45. Rf3 Rg8 46. Nf8+ Rxf8 47.
gxf8=Q {Black resigns} 1-0

[Event "Team 45 45 League T40"]
[Site "Internet Chess Club"]
[Date "2009.02.20"]
[Round "4"]
[White "simonson"]
[Black "Traho"]
[Result "1-0"]
[WhiteElo "1306"]
[BlackElo "1175"]
[Opening "English opening"]
[ECO "A21"]
[Time "19:00:12"]
[TimeControl "2700+45"]

1. c4 e5 2. Nc3 d6 3. g3 Ne7 4. Bg2 Nbc6 5. e3 b6 6. Nge2 Rb8 7. d4 Bb7 8. d5
Na5 9. b3 Ba6 10. O-O b5 11. cxb5 Bxb5 12. Nxb5 Rxb5 13. Nc3 Rb8 14. e4 h6 15.
Be3 c5 16. Rb1 a6 17. Re1 f5 18. Bf1 fxe4 19. Nxe4 Nf5 20. Qh5+ Kd7 21. Qxf5+
Kc7 22. Bxa6 Qd7 23. Qxd7+ Kxd7 24. Bd2 Nb7 25. Bb5+ Kc7 26. Re3 Be7 27. Rf3
Rhf8 28. Rxf8 Bxf8 29. Re1 Ra8 30. a4 Be7 31. Re3 Rf8 32. Bc6 Nd8 33. Ba5+ Kc8
34. Bxd8 Bxd8 35. Nxd6+ Kb8 36. Rxe5 {Black resigns} 1-0

[Event "Team 45 45 League T40"]
[Site "Internet Chess Club"]
[Date "2009.02.21"]
[Round "4"]
[White "Fezzik"]
[Black "A-Ru"]
[Result "1-0"]
[WhiteElo "2005"]
[BlackElo "1796"]
[Opening "English opening: Agincourt variation"]
[ECO "A13"]
[Time "11:02:26"]
[TimeControl "2700+45"]

1. Nf3 e6 2. c4 d5 3. d4 c6 4. Qc2 Nf6 5. Bg5 Qa5+ 6. Nc3 Ne4 7. Bd2 Nxd2 8.
Nxd2 Bb4 9. e3 O-O 10. cxd5 cxd5 11. Bd3 Bd7 12. Bxh7+ Kh8 13. Nb3 Ba4 14. O-O
Bxb3 15. axb3 Qb6 16. Bd3 Nc6 17. Qe2 g6 18. h4 Kg7 19. h5 Ne7 20. hxg6 Nxg6 21.
Rfc1 Rh8 22. Bxg6 Kxg6 23. Qg4+ Kf6 24. Qf4+ Ke7 25. Qe5 Kd7 26. Na4 Qd6 27.
Qxd6+ Kxd6 28. Nc5 b6 29. Nd3 a5 30. Ne5 Rh7 31. Rc6+ Ke7 32. Rxb6 Rah8 33. Rb7+
Kf6 34. f4 Rc8 35. Rd1 Rg7 36. g4 Rf8 37. Kf2 Rc8 38. Kf3 Rh7 39. Rg1 Bd6 40.
g5+ Kf5 41. Nxf7 {Black resigns} 1-0

[Event "Team 45 45 League T40"]
[Site "Internet Chess Club"]
[Date "2009.02.20"]
[Round "4"]
[White "viking99"]
[Black "AronT"]
[Result "1-0"]
[WhiteElo "1823"]
[BlackElo "1838"]
[Opening "French: Winawer, advance, Bogolyubov variation"]
[ECO "C17"]
[Time "20:01:30"]
[TimeControl "2700+45"]

1. e4 e6 2. d4 d5 3. Nc3 Bb4 4. e5 c5 5. Bd2 Nc6 6. Nb5 Bxd2+ 7. Qxd2 cxd4 8.
Nd6+ Kf8 9. f4 f6 10. Nf3 Nh6 11. O-O-O Nf7 12. Nxc8 Rxc8 13. Nxd4 fxe5 14.
Nxe6+ {Black resigns} 1-0

[Event "Team 45 45 League T40"]
[Site "Internet Chess Club"]
[Date "2009.02.21"]
[Round "4"]
[White "Thersites"]
[Black "Kingofknights"]
[Result "1-0"]
[WhiteElo "1740"]
[BlackElo "1750"]
[Opening "Caro-Kann: Panov-Botvinnik attack, 5...e6"]
[ECO "B14"]
[Time "12:00:18"]
[TimeControl "2700+45"]

1. e4 c6 2. d4 d5 3. exd5 cxd5 4. c4 Nf6 5. Nc3 e6 6. Nf3 h6 7. cxd5 Nxd5 8. Bd3
Nc6 9. O-O Be7 10. Bd2 O-O 11. Rc1 a6 12. Bb1 Qd6 13. Qc2 f5 14. Qd3 Bf6 15. Be3
Nxe3 16. fxe3 e5 17. Qc4+ Be6 18. d5 Bf7 19. Bxf5 b5 20. Qxc6 Qxc6 21. dxc6 Ra7
22. Ne4 Bd8 23. Nxe5 Bxa2 24. Bh7+ Kxh7 25. Rxf8 Bb6 26. Kf2 Bd5 27. Nd6 g5 28.
Rf7+ Bxf7 29. Nexf7 Re7 30. Rc3 b4 31. Rd3 a5 32. Ke2 Rc7 33. Ne5 Kg7 34. Nb5
Re7 35. Nd7 Kf7 36. Nxb6 {Black resigns} 1-0